 Dungeon Crawl Stone Soup version 0.23-a0-329-g6f3f904 (webtiles) character file.

1720 Garbasso the Grappler (level 8, -1/80 HPs)
             Began as a Troll Monk on Oct 16, 2018.
             Slain by Duvessa
             ... wielding a +2 rapier of venom
              (10 damage)
             ... on level 7 of the Dungeon.
             The game lasted 00:14:54 (5010 turns).

Garbasso the Grappler (Troll Monk)                  Turns: 5010, Time: 00:14:54

Health: -1/80      AC:  5    Str: 24    XL:     8   Next: 75%
Magic:  7/7        EV: 12    Int:  8    God:
Gold:   310        SH:  0    Dex: 12    Spells: 7/7 levels left

rFire    . . .     SeeInvis .     - Unarmed
rCold    . . .     Gourm    +   (no shield)
rNeg     . . .     Faith    .   x - +0 robe {MR+}
rPois    +         Spirit   .   (helmet restricted)
rElec    .         Reflect  .   (no cloak)
rCorr    .         Harm     .   (gloves unavailable)
MR       +....                  (boots unavailable)
Stlth    ++........             (no amulet)
HPRegen  0.63/turn              n - ring of poison resistance
MPRegen  0.10/turn              k - +4 ring of strength

@: no status effects
A: large, unfitting armour, claws 3, fast metabolism 3, gourmand, regeneration
1, shaggy fur 1, tough skin 2
a: no special abilities


You were on level 7 of the Dungeon.
You were completely stuffed.

You visited 1 branch of the dungeon, and saw 7 of its levels.

You collected 310 gold pieces.

Inventory:

Missiles
 c - 152 stones (quivered)
Armour
 x - a +0 robe of magic resistance (worn)
Magical Staves
 u - an uncursed staff of wizardry
Jewellery
 k - a +4 ring of strength (right claw)
 n - a ring of poison resistance (left claw)
 v - an uncursed ring of protection from cold
Wands
 r - a wand of random effects (22)
 s - a wand of paralysis (14)
Scrolls
 e - 3 scrolls of teleportation
 g - 2 scrolls of immolation
 h - 2 scrolls of identify
 j - a scroll of fear
 q - 2 scrolls of enchant armour
 t - 3 scrolls of remove curse
Potions
 d - a potion of flight
 f - 3 potions of brilliance
 i - a potion of resistance
 l - a potion of mutation {unknown}
 o - 2 potions of curing
 p - a potion of invisibility {unknown}
Comestibles
 a - 2 chunks of flesh
 b - 7 rations


   Skills:
 + Level 5.2 Fighting
 + Level 5.3 Dodging
 - Level 1.0 Stealth
 * Level 8.5 Unarmed Combat


You had 7 spell levels left.
You didn't know any spells.
Your spell library contained the following spells:

 Spells                   Type           Power        Failure   Level  Hunger
 Magic Dart               Conj           #...         41%         1    ##.....
 Searing Ray              Conj           #.....       54%         2    ###....
 Dazzling Spray           Conj/Hex       #.....       78%         3    ####...
 Force Lance              Conj/Tloc      #.......     99%         4    #####..
 Fulminant Prism          Conj/Hex       #.........   99%         4    #####..
 Iskenderun's Mystic Bla  Conj           #.......     99%         4    #####..


Dungeon Overview and Level Annotations

Branches:
Dungeon (7/15)             Temple (0/1) D:7

Altars:
Elyvilon
Fedhas
Gozag
Kikubaaqudgha
Nemelex Xobeh
Sif Muna
Zin

Annotations:
D:7 Duvessa


Innate Abilities, Weirdness & Mutations

You are too large for most types of armour.
You have claws for hands.
Your metabolism is lightning-fast.
You like to eat raw meat.
Your natural rate of healing is unusually fast.
You are covered in fur. (AC +1)
You have very tough skin. (AC +2)


Message History

Duvessa is almost dead.
You feel sick.
Duvessa hits you with a +2 rapier of venom.
You barely miss Duvessa.
Duvessa is almost dead.
You feel sick.
Duvessa hits you with a +2 rapier of venom.
You scratch Duvessa but do no damage.
Duvessa is almost dead.
You feel sick.
Duvessa hits you with a +2 rapier of venom!
* * * LOW HITPOINT WARNING * * *
You scratch Duvessa.
Duvessa is almost dead.
You feel sick.
Duvessa hits you with a +2 rapier of venom!
* * * LOW HITPOINT WARNING * * *
It was a potion of curing.
You feel better.
Duvessa hits you with a +2 rapier of venom!
You die...

*,,,,,,*,,,,,,,,,,,,,,,,,
***,,,*******,,,,**,,,,,,
*,,,,....#*....#*,,,,,,
*,,,,,...##....#*,,,,,,
*,,,,..............,,,,
*,,,,.................,
*,,,,,...........#...##
##########.........#.....
#.......@).........##....
#........e.........##....
##..................##....
#.........................
#.........................
#............#########....
#............#.......#....
#............#.>.#.>.#....
###.........†#.......#.###


You could see Duvessa (berserk).

Vanquished Creatures
  Joseph (D:7)
  A black bear (D:6)
  An orc warrior (D:5)
  A sky beast (D:5)
  An ice beast (D:7)
  A phantom (D:6)
  An ogre (D:4)
  A centaur (D:6)
  2 bullfrogs
  Dowan (D:7)
  A scorpion (D:7)
  2 howler monkeys
  A crimson imp (D:6)
  A hound (D:6)
  A jelly (D:6)
  A bullfrog skeleton (D:6)
  2 orc wizards
  2 centaur skeletons
  2 worker ants (D:4)
  A worker ant zombie (D:5)
  9 adders
  An adder skeleton (D:6)
  4 worms
  2 dart slugs
  4 leopard geckos
  14 orcs
  9 bats
  6 giant cockroaches
  5 goblins
  4 hobgoblins
  19 jackals
  6 quokkas
  2 ball pythons
  6 frilled lizards
  A jackal skeleton (D:4)
  10 kobolds
  A quokka skeleton (D:4)
  A quokka zombie (D:5)
  10 rats
139 creatures vanquished.

Notes
Turn   | Place    | Note
-------+----------+-------------------------------------------
     0 | D:1      | Garbasso the Troll Monk began the quest for the Orb.
     0 | D:1      | Reached XP level 1. HP: 22/22 MP: 0/0
   153 | D:1      | Reached XP level 2. HP: 29/29 MP: 1/1
   424 | D:1      | Reached XP level 3. HP: 36/36 MP: 2/2
   692 | D:2      | Found a white marble altar of Elyvilon.
   746 | D:2      | Reached skill level 4 in Unarmed Combat
   852 | D:2      | Reached XP level 4. HP: 44/44 MP: 3/3
  1012 | D:2      | Found an opulent altar of Gozag.
  1012 | D:2      | Found a blossoming altar of Fedhas.
  1607 | D:3      | Noticed a bullfrog
  1613 | D:3      | Killed a bullfrog
  1613 | D:3      | Reached XP level 5. HP: 40/53 MP: 4/4
  1969 | D:4      | Reached skill level 5 in Unarmed Combat
  2173 | D:4      | Got a crystal dagger
  2444 | D:4      | Reached XP level 6. HP: 59/61 MP: 5/5
  2826 | D:5      | Entered Level 5 of the Dungeon
  2877 | D:5      | Noticed a sky beast
  2899 | D:5      | Killed a sky beast
  2899 | D:5      | Reached skill level 6 in Unarmed Combat
  2899 | D:5      | Reached XP level 7. HP: 29/68 MP: 6/6
  3149 | D:5      | Identified the +7 dagger of Propriety {flame, rF+ Dex+4}
                  | (You found it on level 4 of the Dungeon)
  3909 | D:6      | Reached skill level 7 in Unarmed Combat
  3911 | D:6      | Reached XP level 8. HP: 48/79 MP: 7/7
  4703 | D:7      | Noticed Joseph
  4759 | D:7      | Killed Joseph
  4759 | D:7      | Reached skill level 5 in Fighting
  4759 | D:7      | Reached skill level 5 in Dodging
  4759 | D:7      | Reached skill level 8 in Unarmed Combat
  4887 | D:7      | Found a faded altar of an unknown god.
  4887 | D:7      | Found a glowing silver altar of Zin.
  4894 | D:7      | Found a sparkling altar of Nemelex Xobeh.
  4896 | D:7      | Found an ancient bone altar of Kikubaaqudgha.
  4898 | D:7      | Found a deep blue altar of Sif Muna.
  4943 | D:7      | Found a staircase to the Ecumenical Temple.
  4985 | D:7      | Noticed Dowan
  4997 | D:7      | Noticed Duvessa
  5002 | D:7      | Killed Dowan
  5009 | D:7      | HP: 2/80 [Duvessa/+2 rapier of venom (10)]
  5010 | D:7      | Slain by Duvessa

Vault maps used:
D:1:      dpeg_arrival_rooms_b, moated_statue
D:2:      elyvilon_altar_4, gammafunk_temple_overflow_wave
D:3:      serial_rivers, chequers_serial_rivers_small_3,
          chequers_serial_rivers_room_a, chequers_serial_rivers_micro_c,
          chequers_serial_rivers_large_b, hangedman_decor_growths,
          chequers_mini_garden, minmay_misc_feat_secret_circle
D:4:      first_ration, minmay_misc_feat_nine_boxes
D:6:      kb_forest_paths, serial_rivers, chequers_serial_rivers_micro_c,
          chequers_serial_rivers_micro_c, chequers_serial_rivers_micro_c,
          chequers_serial_rivers_micro_e, chequers_serial_rivers_small_a,
          chequers_serial_rivers_micro_b
D:7:      chequers_temple_overflow_minitemple, minmay_temple_entry_from_below_a,
          serial_shops, shop_coins, shop, nicolae_shop_behind_doors,
          uniq_joseph, uniq_duvessa

Skill      XL: |  1  2  3  4  5  6  7  8 |
---------------+-------------------------+-----
Unarmed Combat | 4 5 6 7 8 |  8.5
Fighting       | 3 4 5 |  5.2
Dodging        | 3 4 5 |  5.3
Stealth        | |  1.0

Action                   |  1- 3 |  4- 6 |  7- 9 || total
-------------------------+-------+-------+-------++-------
Melee: Unarmed           |   100 |   157 |   136 ||   393
       Punch             |     2 |     3 |     7 ||    12
Throw: Stone             |     1 |    84 |    51 ||   136
  Use: Scroll            |       |     5 |     9 ||    14
       Potion            |       |       |     1 ||     1
 Stab: Sleeping          |       |     3 |     3 ||     6
  Eat: Chunk             |    13 |    19 |    20 ||    52
Armor: Robe              |    45 |    72 |    47 ||   164
Dodge: Dodged            |    55 |    97 |    80 ||   232

Table legend:
 A = Non-vault XP
 B = Vault XP
 C = Vault XP percentage of total XP
 D = Non-vault monster count
 E = Vault monster count
 F = Vault count percentage of total count
                 A         B        C        D         E       F
            +---------+---------+-------+---------+---------+-------
      Total |    1674 |     784 |  31.9 |     131 |       8 |   5.8
            +---------+---------+-------+---------+---------+-------
        D:1 |      43 |       0 |   0.0 |      26 |       0 |   0.0
        D:2 |      85 |       0 |   0.0 |      26 |       0 |   0.0
        D:3 |     143 |       0 |   0.0 |      18 |       0 |   0.0
        D:4 |     322 |       0 |   0.0 |      16 |       0 |   0.0
        D:5 |     432 |       0 |   0.0 |      29 |       0 |   0.0
        D:6 |     418 |     305 |  42.2 |      11 |       6 |  35.3
        D:7 |     231 |     479 |  67.5 |       5 |       2 |  28.6
            +---------+---------+-------+---------+---------+-------
